[Event "Swiss Championship U16 2022"]
[Site "Biel"]
[Date "2022.07.20"]
[Round "5.4"]
[White "Papaux, Steve"]
[Black "Erne, Raphael"]
[Result "1/2-1/2"]
[ECO "E09"]
[WhiteElo "2031"]
[BlackElo "2060"]
[Annotator "TA"]
[PlyCount "101"]
[EventDate "2022.07.18"]
[EventType "swiss"]
[EventCountry "SUI"]
[SourceTitle "playchess.com"]
[Source "ChessBase"]
[SourceQuality "1"]
[TimeControl "5400+30"]

1. d4 d5 2. c4 c6 3. Nf3 Nf6 4. g3 e6 5. Bg2 Be7 6. O-O O-O 7. Nc3 b6 8. Qc2 Bb7 9. Rd1 Nbd7 10. e4 dxe4 11. Nxe4 Nxe4 12. Qxe4 Nf6 13. Qe2 Qc8 14. Bf4 {[%emt 0:08:45] E09: Closed Catalan: Main Line: 7 Qc2 c6 8 Nbd2.} Rd8 15. Rac1 Re8 {[%emt 0:05:30] [#]} 16. Bh3 $146 {[%emt 0:13:22][%cal Od4d5] Hoping for d5! White is better.} ({Predecessor:} 16. Ne5 c5 17. Bxb7 Qxb7 18. dxc5 Bxc5 19. Bg5 Qe4 20. Re1 Qxe2 21. Rxe2 {½-½ (65) Nguyen,H (1970)-Ibrahimli,M (2436) Chess.com INT 2020}) 16... Qd8 {[%emt 0:01:36] Against d5} 17. Ne5 Bf8 18. Bg2 Rc8 19. Bg5 h6 20. Bxf6 Qxf6 (20... gxf6 $14 21. Ng4 (21. Qg4+ Bg7 $11) 21... Qe7) 21. c5 $16 Qd8 22. b4 {[%emt 0:04:22] aiming for b5. 0x0.00200b16ad8fdp-1022s more active pieces.} f6 (22... b5 $16 {is a better defense.}) 23. Nc4 Ba6 24. a4 Bxc4 25. Qxc4 bxc5 26. dxc5 Qc7 27. Bh3 Kh8 $2 {[%emt 0:00:55] [#]} (27... Qf7 28. Rd3 g6) 28. Bxe6 $18 Rcd8 29. Qg4 Rxd1+ 30. Rxd1 Qe5 31. Bd7 Qe2 (31... Rd8 $142 32. Bxc6 f5) 32. Qxe2 Rxe2 33. Bxc6 {[%emt 0:00:04][%mdl 4096] [#] Endgame And now Rd8 would win. KRB-KRB} Kh7 34. Kf1 Re6 35. Rd8 $2 (35. Bb5) 35... Bxc5 36. Bd7 Bb6 37. Bxe6 ({White should try} 37. Rb8 $16 Re7 38. Rb7) 37... Bxd8 $16 {[%emt 0:00:11] KB-KB} 38. Ke2 Kg6 39. Kd3 f5 40. Kc4 {[%emt 0:00:17] a5 is the strong threat.} Kf6 41. Bc8 Bb6 42. f3 Bg1 43. h3 Bf2 44. g4 fxg4 45. fxg4 Ke7 46. Kd5 (46. g5 $5) 46... Kd8 47. Bf5 Kc7 48. Ke6 Bd4 49. h4 Bc3 50. Kf7 Bf6 51. h5 {[%emt 0:00:00] Black defended with fortune.  Weighted Error Value: White=0.33/Black=0.27 (precise)} 1/2-1/2

[Event "Swiss Championship U16 2022"]
[Site "Biel"]
[Date "2022.07.20"]
[Round "5.5"]
[White "Kwiatkowski, Jakub"]
[Black "Schellenberg, Simon"]
[Result "0-1"]
[ECO "B01"]
[WhiteElo "1770"]
[BlackElo "1899"]
[Annotator "NA RC COMBH"]
[PlyCount "72"]
[EventDate "2022.07.18"]
[EventType "swiss"]
[EventCountry "SUI"]
[SourceTitle "playchess.com"]
[Source "ChessBase"]
[SourceQuality "1"]
[TimeControl "5400+30"]

1. e4 d5 2. exd5 Nf6 3. d4 Nxd5 4. c4 Nf6 5. Nc3 Bf5 ({Better is} 5... e5 $1 $11) 6. Nf3 e6 7. Qb3 Qc8 8. Nh4 Bg6 9. Nxg6 hxg6 10. Bg5 Be7 11. h4 Nbd7 12. Bd3 (12. O-O-O $16) 12... c6 (12... c5 $1 $11 {remains equal.}) 13. O-O-O Qc7 14. Kb1 Qb6 15. Qc2 ({White should try} 15. Qxb6 $14 axb6 16. f3) 15... Qxd4 16. Bxg6 Qxc4 17. Bd3 Qb4 (17... Qc5 $17) 18. a3 Qb6 19. Rhe1 (19. f4 $11) 19... a6 (19... O-O-O $15) 20. f3 (20. f4 $11) 20... O-O-O 21. g4 Qc7 22. Ne4 (22. h5 $15) 22... Rde8 ({Better is} 22... Ne5 $17 23. Be2 Rxd1+ 24. Bxd1 Nxe4 25. Qxe4 Bxg5 26. hxg5 Ng6) 23. Rc1 (23. h5 $15) 23... Nxe4 ({Black should try} 23... Nd5 $17 24. Bxe7 Rxe7) 24. Rxe4 Bxg5 25. hxg5 Rh2 26. Qa4 {[%emt 0:01:36] [#]} (26. Qc3 $1 $15) 26... Kd8 ({Better is} 26... Nb6 $1 $17 27. Qb3 g6) 27. Rd4 Re7 28. Bxa6 $2 Qb6 29. Bb5 $2 (29. Rb4 {is a better defense.} Qxa6 30. Qxa6 bxa6 31. Rxc6) 29... Qxb5 30. Qa8+ $2 (30. Qxb5 cxb5 31. Rc3) 30... Kc7 31. Rb4 Qa6 32. Qg8 g6 33. Rd4 Qb6 34. Rb4 Qa7 35. f4 Qb8 36. Qg7 Qh8 $19 0-1

[Event "Swiss Championship U16 2022"]
[Site "Biel"]
[Date "2022.07.20"]
[Round "5.6"]
[White "Hirzel, Cedric"]
[Black "Knapp, Yanik"]
[Result "1/2-1/2"]
[ECO "E04"]
[WhiteElo "1649"]
[BlackElo "1675"]
[Annotator "NA RC COMBH"]
[PlyCount "100"]
[EventDate "2022.07.18"]
[EventType "swiss"]
[EventCountry "SUI"]
[SourceTitle "playchess.com"]
[Source "ChessBase"]
[SourceQuality "1"]
[TimeControl "5400+30"]

1. c4 e6 2. Nf3 Nf6 3. d4 d5 4. g3 dxc4 5. Bg2 Bd7 6. Ne5 Bc6 7. Nxc6 Nxc6 8. O-O Qd7 9. e3 Rd8 10. Qe2 e5 11. dxe5 Nxe5 12. Bxb7 Bb4 13. Nc3 Bxc3 14. bxc3 Nd3 15. Bg2 O-O 16. e4 Rfe8 17. Bg5 Qe6 18. Rab1 Rb8 19. Qf3 Rb6 20. Rxb6 cxb6 21. Bxf6 Qxf6 22. Qxf6 gxf6 23. Rd1 Re5 24. Bf1 Rxe4 25. Bxd3 cxd3 26. Rxd3 Ra4 27. Rd2 Kf8 28. Kf1 Ra3 29. Rc2 Ke7 30. Ke2 Kd6 31. Kd3 Kc5 32. f4 b5 33. Ke4 Kc4 34. Kf5 Ra6 35. h4 Rb6 36. Ke4 Re6+ 37. Kf5 Kd3 38. Rb2 a6 39. Rb3 Rc6 40. h5 Rxc3 41. Kxf6 Rxb3 42. axb3 a5 43. h6 a4 44. bxa4 bxa4 45. Kg7 a3 46. Kxh7 a2 47. Kg8 a1=Q 48. h7 Qg1 49. h8=Q Qxg3+ 50. Kxf7 Qxf4+ 1/2-1/2

[Event "Swiss Championship U16 2022"]
[Site "Biel"]
[Date "2022.07.20"]
[Round "5.7"]
[White "Palmonella, Valentin"]
[Black "Saminskij, David"]
[Result "1-0"]
[ECO "C07"]
[WhiteElo "1778"]
[BlackElo "1469"]
[Annotator "NA RC COMBH"]
[PlyCount "65"]
[EventDate "2022.07.18"]
[EventType "swiss"]
[EventCountry "SUI"]
[SourceTitle "playchess.com"]
[Source "ChessBase"]
[SourceQuality "1"]
[TimeControl "5400+30"]

1. e4 e6 2. d4 d5 3. Nd2 c5 4. exd5 Qxd5 5. Ngf3 Nf6 6. Bc4 Qd8 7. O-O Nc6 8. Nb3 cxd4 9. Nbxd4 Nxd4 10. Nxd4 Be7 11. Bf4 Nd5 12. Bg3 a6 13. c3 O-O 14. Qf3 b5 15. Nc6 Qd7 16. Bxd5 exd5 17. Qxd5 Bd8 18. Qxd7 Bxd7 19. Nxd8 Raxd8 20. Bc7 Rc8 21. Ba5 Rfe8 22. Rfe1 Rxe1+ 23. Rxe1 Re8 24. Rd1 Be6 25. b3 g6 26. f3 Re7 27. Rd8+ Kg7 28. Bb6 Bf5 29. Kf2 Bb1 30. Bd4+ f6 31. Rd6 Kh6 32. Bxf6 Re8 33. g4 1-0

[Event "Swiss Championship U16 2022"]
[Site "Biel"]
[Date "2022.07.20"]
[Round "5.8"]
[White "Sosnovski, Nikita"]
[Black "Gendre, Arthur"]
[Result "1-0"]
[ECO "B83"]
[WhiteElo "1584"]
[BlackElo "1414"]
[Annotator "NA RC COMBH"]
[PlyCount "57"]
[EventDate "2022.07.18"]
[EventType "swiss"]
[EventCountry "SUI"]
[SourceTitle "playchess.com"]
[Source "ChessBase"]
[SourceQuality "1"]
[TimeControl "5400+30"]

1. e4 c5 2. Nf3 d6 3. d4 cxd4 4. Nxd4 Nf6 5. Nc3 e6 6. Be2 Be7 7. Be3 Nc6 8. f3 O-O 9. Qd2 Bd7 10. Ndb5 Nb4 11. a3 Bxb5 12. Nxb5 Nc6 13. O-O-O d5 14. Qe1 a6 15. exd5 exd5 16. Nd4 Nxd4 17. Bxd4 Rc8 18. Kb1 Qc7 19. Bd3 Rfe8 20. Qh4 h6 21. Qh3 Qf4 22. Rhe1 Bc5 23. Rxe8+ Rxe8 24. Bxc5 d4 25. Bb4 Nd5 26. Qd7 Qe5 27. Re1 Ne3 28. f4 Qe6 29. Qxd4 1-0

[Event "Swiss Championship U16 2022"]
[Site "Biel"]
[Date "2022.07.20"]
[Round "6.1"]
[White "Doetsch-Thaler, Nicos"]
[Black "Kasipour Azbari, Seyed Arvin"]
[Result "0-1"]
[ECO "B66"]
[WhiteElo "1837"]
[BlackElo "1944"]
[Annotator "TA"]
[PlyCount "66"]
[EventDate "2022.07.18"]
[EventType "swiss"]
[EventCountry "SUI"]
[SourceTitle "playchess.com"]
[Source "ChessBase"]
[SourceQuality "1"]
[TimeControl "5400+30"]

1. e4 c5 2. Nf3 d6 3. d4 cxd4 4. Nxd4 Nf6 5. Nc3 Nc6 6. Bg5 e6 7. Qd2 a6 8. f3 (8. Nxc6 $14 {is more appropriate.} bxc6 9. Be2) 8... Bd7 {[%emt 0:06:47] B66: Sicilian: Richter-Rauzer: 7...a6 8 0-0-0 h6.} 9. Be2 Be7 10. O-O {[%emt 0:03:47] [#]} h6 $146 {[%emt 0:00:38] The position is equal.} ({Predecessor:} 10... Qc7 11. Nxc6 Bxc6 12. Kh1 h6 13. Be3 d5 14. exd5 Nxd5 15. Nxd5 Bxd5 16. c4 Bc6 {½-½ (52) Parkhurst Casas,M (1869)-Guardado Flores,D (1683) San Salvador 2015}) 11. Be3 Qc7 12. Qe1 Nxd4 13. Bxd4 e5 14. Be3 O-O 15. Kh1 b5 16. a3 Be6 17. f4 Bc4 18. f5 (18. Bd3 $11) 18... Rfc8 19. Rg1 (19. Bf2 $11) 19... Bxe2 20. Qxe2 Qc4 {[%emt 0:01:17] Threatens to win with ...Qxe2.} 21. Qf3 {[%emt 0:01:51] [#]} (21. Qd3 $1 $15) 21... a5 $1 $17 22. g4 (22. Rge1 $17) 22... b4 $19 23. Na4 {[%emt 0:03:40] [#] aiming for Nb6.} Bd8 ({Resist} 23... Qxc2 24. Nb6 Qb3 25. axb4 $16 (25. Nxc8 Rxc8 26. axb4 a4 $11) (25. Nxa8 Rxa8 26. axb4 a4 $11)) (23... Qxe4 24. Qxe4 Nxe4 25. Nb6 bxa3 26. Nxc8 Rxc8 27. Rxa3 $14) 24. axb4 axb4 25. c3 (25. g5 {was necessary.} hxg5 26. Bxg5 Qxc2 27. Bxf6 Bxf6 28. b3) 25... b3 26. Nb6 Bxb6 27. Bxb6 Qxe4 ({Avoid the trap} 27... Nxe4 $2 28. Rae1 Ra4 29. Qg2 $19) 28. Qxe4 Nxe4 29. Rgd1 Ra2 30. Rxa2 (30. Rab1) 30... bxa2 31. Ra1 Rb8 32. Be3 Rxb2 {[%emt 0:00:30] ( -> ...Rb1+)} 33. c4 Rb1+ {[%emt 0:00:00] Weighted Error Value: White=0.84/Black=0.12 (very precise)} 0-1

[Event "Swiss Championship U16 2022"]
[Site "Biel"]
[Date "2022.07.20"]
[Round "6.2"]
[White "Gemelli, Romain"]
[Black "Rotunno, Flavio"]
[Result "1/2-1/2"]
[ECO "E11"]
[WhiteElo "2045"]
[BlackElo "1901"]
[Annotator "TA"]
[PlyCount "90"]
[EventDate "2022.07.18"]
[EventType "swiss"]
[EventCountry "SUI"]
[SourceTitle "playchess.com"]
[Source "ChessBase"]
[SourceQuality "1"]
[TimeControl "5400+30"]

1. d4 Nf6 2. c4 e6 3. Nf3 Bb4+ 4. Nbd2 O-O 5. a3 Be7 6. e4 d6 7. Bd3 Nbd7 8. O-O e5 9. d5 {[%emt 0:00:52] E11: Bogo-Indian.} Nc5 10. Bc2 a5 11. b3 {[%emt 0:03:27][%cal Bb2b3,Bb3b4][%mdl 32] [#] The position is equal.} Ne8 $146 ({Predecessor:} 11... c6 12. Bb2 cxd5 13. cxd5 Bd7 14. b4 axb4 15. axb4 Na6 16. Bc3 Qb8 17. Bd3 Rc8 {1-0 (46) Sokolov,I (2588)-Timman,J (2541) Amstelveen 2018}) 12. Bb2 g6 13. b4 Nd7 14. c5 Ng7 (14... axb4 $11 15. cxd6 (15. axb4 Rxa1 16. Qxa1 dxc5 $11) 15... Nxd6) 15. c6 {[%emt 0:06:31] White is more active.} (15. Nc4 $14) 15... bxc6 16. dxc6 Nb6 17. Bc3 (17. a4 $11) 17... axb4 $17 18. axb4 Ba6 $1 19. Re1 Bb5 20. Ra5 Bxc6 21. Bd3 Ne6 22. Qb3 Bf6 23. Nc4 Nxc4 24. Bxc4 Qe7 25. Bd5 Bxd5 26. exd5 Ng7 27. Nd4 Qd7 28. Nc6 Nf5 (28... Nh5 $15) 29. Rea1 $11 Rac8 30. b5 Ne7 31. f4 (31. Ra7 $11 {keeps the balance.}) 31... Nxc6 32. dxc6 Qf5 33. fxe5 Bxe5 34. Bxe5 Qxe5 35. Kh1 Rb8 36. Rb1 Qc5 37. Ra4 Rfe8 $40 {[%emt 0:00:28][%cal Ob8b5][%mdl 128] aiming for ...Rxb5! Black goes for the king.} 38. h3 Re3 39. Qb2 Re5 40. Rb4 Rb6 41. Qa2 Qd5 42. Qa7 Re3 (42... Re2 $17 43. Rg1 Rxb5 44. Rxb5 Qxb5 45. Qxc7 Rc2 46. Qxd6 (46. Qd8+ Kg7 $17) 46... Qxc6 47. Qxc6 Rxc6) 43. Kg1 (43. Qxc7 $11 {and White is okay.} Rxh3+ 44. Kg1 Qc5+ 45. Kf1 Rh1+ 46. Ke2) 43... Qc5 $2 ({Not} 43... Rg3 44. Qa8+ Kg7 45. Qa1+ f6 46. Qb2 $17) (43... Re2 $1 $19 44. Qa8+ Kg7) 44. Kh1 $15 Qd5 $2 (44... Re1+ $2 45. Rxe1 Qxb4 46. Re8+ Kg7 47. Qxb6 $3 cxb6 48. c7 $18) (44... Re7 $15) 45. Kg1 $19 {[%emt 0:00:14] [#]} Qc5 $2 {[%emt 0:00:34] Weighted Error Value: White=0.34/Black=0.29 (precise)} ({Worse is} 45... Rg3 46. Qa8+ Kg7 47. Qa1+ f6 48. Qb2 $17) ({Better is} 45... Re2 $1 $19 46. Qa8+ Kg7) 1/2-1/2

[Event "Swiss Championship U16 2022"]
[Site "Biel"]
[Date "2022.07.20"]
[Round "6.3"]
[White "Schellenberg, Simon"]
[Black "Zargarov, Mikayel"]
[Result "1-0"]
[ECO "B22"]
[WhiteElo "1899"]
[BlackElo "1994"]
[Annotator "TA"]
[PlyCount "159"]
[EventDate "2022.07.18"]
[EventType "swiss"]
[EventCountry "SUI"]
[SourceTitle "playchess.com"]
[Source "ChessBase"]
[SourceQuality "1"]
[TimeControl "5400+30"]

1. Nf3 c5 2. e4 Nc6 3. c3 d5 4. e5 Bg4 5. Bb5 e6 (5... Qb6 $11 6. Bxc6+ bxc6) 6. Bxc6+ $16 {[%emt 0:00:13] B22: Sicilian: 2 c3.} bxc6 7. Qa4 Bxf3 8. Qxc6+ {[%emt 0:01:03] White is better.} Ke7 9. Qxc5+ (9. gxf3 $6 Qc8 10. Qa4 f6 $11) 9... Ke8 10. Qc6+ Ke7 11. b3 (11. gxf3 $16 Qc8 12. Qxc8 (12. Qa4 Qd7 $16) 12... Rxc8 13. Na3) 11... f6 12. Ba3+ (12. gxf3 fxe5 13. f4 (13. d4 exd4 14. Bg5+ Nf6 $11) 13... e4 $14) 12... Kf7 {[%emt 0:01:54] [#]} 13. Bxf8 $146 ({Predecessor:} 13. Qb7+ Be7 14. gxf3 fxe5 15. Rg1 g6 16. Bd6 Kf6 17. Bc7 Qc8 18. Qxc8 Rxc8 19. Ba5 {1-0 (40) Rau,H-Menssen,L Bernkastel-Kues 1995}) 13... Qxf8 14. gxf3 Ne7 15. Qc7 fxe5 16. Qxe5 Ng6 17. Qg3 Qe7 18. h4 $1 Qf6 19. Na3 $1 Nf4 20. Qg5 Nd3+ {[%emt 0:02:21][%mdl 64] Discovered Attack} 21. Ke2 Nf4+ 22. Kd1 Qxg5 23. hxg5 Kg6 24. Rg1 Rhf8 25. Rg4 Rf7 26. Nb5 Raf8 27. Nd4 (27. Kc2 $16) 27... Rc8 (27... e5 $11 28. Nc6 Rc7 29. Nxe5+ Kf5) 28. b4 {[%emt 0:02:17] Strongly threatening b5.} e5 29. Nb3 Ne6 30. Ke2 Nxg5 (30... Rcf8 $11) 31. Rag1 $14 h6 32. Nc5 Re8 {[%emt 0:01:52] Against Ne6} (32... Kh7 $142) 33. a4 (33. c4 $142 $1) 33... Kf6 $16 34. b5 Ke7 ({Black should try} 34... Nh3 $1 $14) 35. a5 (35. Rb1 $16) 35... Kd6 36. Na4 (36. Na6 $14) 36... e4 ({Don't play} 36... Nxf3 37. Rg6+ Kc7 38. Rb1 $18) (36... Nh3 $11 {remains equal.}) 37. f4 $2 (37. fxe4 $16 dxe4 38. d4) 37... Nh3 $1 $15 38. Rb1 Nxf4+ (38... g5 $5 ) 39. Ke3 Ne6 {[%emt 0:03:44] And now ...Rf3+ would win.} 40. b6 axb6 41. Rxb6+ Kc7 42. a6 Kc8 {[%emt 0:01:57] [#] Prevents Rb7.} (42... Nc5 $2 43. Rgg6 $1 (43. Kd4 Ne6+ 44. Kxd5 Rf5+ 45. Kc4 Ra5 $16) 43... Nxa6 44. Rxa6 $18) (42... Rf3+ $1 $11 43. Ke2 g5) 43. Rg6 $2 {[%emt 0:00:51] Chess con chili.} (43. Rg1 $1 $18 ) 43... Rf3+ 44. Ke2 {[%emt 0:00:14] Intending a7 and mate.} Nf4+ 45. Ke1 Nxg6 46. Rxg6 {[%emt 0:00:56][%mdl 4096] Endgame [#] KRR-KRN} (46. a7 $1 $15 Kc7 47. Rxg6) 46... Rf7 $1 $19 47. Nb6+ Kb8 48. Nxd5 Ka7 (48... h5 $19 {aiming for ...h4.} 49. Kf1 Ref8) 49. Nb4 (49. c4 $17) 49... Rc8 (49... h5 $19 {Hoping for ...h4.} 50. Nc6+ Ka8) 50. Ke2 ({Better is} 50. Re6 $15) 50... Rcc7 ({Black should play} 50... h5 51. Nc6+ Ka8) 51. Rg4 $17 Rfe7 $2 (51... Rc5 $17 {Threatens to win with ...Rcf5.} 52. Rxe4 Rcf5) 52. Nd5 $1 $16 Rcd7 (52... Kxa6 $16 53. Nxe7 (53. Nxc7+ Rxc7 54. Rxe4 Rf7 $16) 53... Rxe7) 53. Nxe7 $18 Rxe7 {[%emt 0:00:06] KR-KR} 54. Rg6 h5 55. Ke3 h4 56. Rg4 h3 (56... g5 57. Rxg5 Rh7) 57. Rh4 Kxa6 $2 (57... Rd7 {might work better.} 58. Ke2 (58. Kxe4 Rxd2 59. Kf3 Rd3+ 60. Kg4 Rxc3 $11) 58... Rd3 59. Rxe4 Rd6) 58. Rxh3 Kb6 59. Rh4 Kc5 (59... Rc7 $142 60. Rxe4 Kb5 61. Rb4+ Ka5) 60. Rxe4 Rf7 61. f4 Kd6 62. Kd4 Rf5 63. Ke3 $2 (63. c4 $18 Kc6 64. Ke3) 63... Rh5 $2 (63... Rf7 $11 64. Re5 Rc7) 64. Ra4 (64. Re5 $142 Rh3+ 65. Ke4) 64... Rh2 $2 (64... g5 65. fxg5 Rxg5) 65. d3 Rh1 66. Kd4 Re1 (66... Rf1 $142 67. Ra6+ Ke7) 67. Ra6+ Ke7 68. c4 Rf1 69. Ra7+ Kf6 70. Kd5 Rxf4 71. c5 Rf5+ 72. Kc4 (72. Kd6 $142 Rf4 73. Rd7) 72... Rf1 73. d4 g5 74. Ra2 g4 75. Rg2 (75. d5 $142 Rd1 76. d6) 75... Rf4 76. Kd5 {[%emt 0:00:52] White wants to mate with c6.} Rf5+ 77. Kd6 {[%emt 0:00:40] White mates.} Rf4 78. d5 Kf7 79. c6 Rf6+ 80. Kd7 {[%emt 0:00:13] Quite a comeback for White.  Weighted Error Value: White=0.30/Black=0.50} 1-0

[Event "Swiss Championship U16 2022"]
[Site "Biel"]
[Date "2022.07.20"]
[Round "6.4"]
[White "Erne, Raphael"]
[Black "Hirzel, Cedric"]
[Result "1-0"]
[ECO "A25"]
[WhiteElo "2060"]
[BlackElo "1649"]
[Annotator "TA"]
[PlyCount "87"]
[EventDate "2022.07.18"]
[EventType "swiss"]
[EventCountry "SUI"]
[SourceTitle "playchess.com"]
[Source "ChessBase"]
[SourceQuality "1"]
[TimeControl "5400+30"]

1. c4 e5 2. g3 Nf6 3. Bg2 Nc6 4. Nc3 Bc5 5. e3 d6 6. Nge2 h6 {[%emt 0:01:31] A25: English Opening vs King's Indian with ...Nc6 but without early d3.} 7. d4 exd4 8. exd4 Bb6 {[%emt 0:00:41] The position is equal.} 9. O-O O-O 10. h3 {[%emt 0:01:38] [#]} Rb8 $146 ({Predecessor:} 10... Bf5 11. a3 Qd7 12. Kh2 Rab8 13. b4 a6 14. Be3 Ne7 15. Qd2 d5 16. c5 Ba7 {½-½ (59) Robakowska,P (1297)-Dabrowska,A (1296) Iwonicz 2015}) 11. Be3 a6 12. Nf4 Ne7 13. Re1 c6 14. b4 Re8 15. c5 Bc7 16. cxd6 Bxd6 17. a3 Bf5 (17... Nf5 $15) 18. d5 $1 $11 Be5 19. Bd4 (19. Bb6 {is interesting.} Qxb6 20. Rxe5 cxd5 21. Rxe7 Rxe7 22. Ncxd5 Nxd5 23. Nxd5 Qd6 24. Nxe7+ Qxe7 25. Rc1) 19... Bxd4 (19... Bxf4 {keeps more tension.} 20. Bxf6 gxf6 21. gxf4 cxd5 22. Nxd5 Nxd5 23. Rxe8+ Qxe8 24. Qxd5 Qe6) 20. Qxd4 Nexd5 (20... cxd5 {feels hotter.} 21. Nfxd5 Nfxd5 22. Nxd5 Be6) 21. Rxe8+ Qxe8 22. Ncxd5 cxd5 23. Nxd5 Nxd5 24. Qxd5 Qd7 25. g4 Qxd5 26. Bxd5 {[%emt 0:09:00][%mdl 4096] Endgame KRB-KRB} Bd7 27. Rc1 {[%emt 0:00:49] aiming for Rc7.} Rc8 {[%emt 0:00:51] Inhibits Rc7.} 28. Rd1 Rc7 29. Kg2 Kf8 30. Re1 Bc6 31. Bxc6 Rxc6 {[%emt 0:00:37] KR-KR} 32. Re3 g5 33. Kg3 f6 34. f4 Kf7 35. f5 a5 36. bxa5 {[%emt 0:03:20] [#] Hoping for Rb3.} Ra6 37. Rb3 Rxa5 38. Rxb7+ Ke8 39. Rb3 Ra4 40. Re3+ Kd7 (40... Kf8 $11 {keeps the balance.}) 41. Kg2 $16 Ra6 42. Re6 Rxe6 {[%emt 0:00:00][%mdl 8192] [#]} (42... Rxa3 $16 43. Rxf6 Ra2+ 44. Kf1 h5) 43. fxe6+ Kxe6 44. a4 {[%emt 0:00:32] Weighted Error Value: White=0.06 (flawless) /Black=0.28 (precise)} 1-0

[Event "Swiss Championship U16 2022"]
[Site "Biel"]
[Date "2022.07.20"]
[Round "6.5"]
[White "Kostov, Kyrill"]
[Black "Papaux, Steve"]
[Result "0-1"]
[ECO "C90"]
[WhiteElo "2008"]
[BlackElo "2031"]
[Annotator "TA"]
[PlyCount "130"]
[EventDate "2022.07.18"]
[EventType "swiss"]
[EventCountry "SUI"]
[SourceTitle "playchess.com"]
[Source "ChessBase"]
[SourceQuality "1"]
[TimeControl "5400+30"]

1. e4 e5 2. Nf3 Nc6 3. Bb5 a6 4. Ba4 Nf6 5. O-O b5 6. Bb3 Be7 7. Re1 O-O 8. d3 d6 9. h3 Na5 10. c3 Nxb3 11. axb3 c5 12. Nbd2 Re8 {[%emt 0:04:53] C90: Closed Ruy Lopez with 7...d6: Early deviations.} 13. Nf1 Bf8 14. Ng3 g6 {[%emt 0:02:49] Black has an edge.} 15. Bg5 h6 {[%emt 0:09:01] [#]} 16. Be3 $146 ({Predecessor:} 16. Bd2 Bg7 17. Qc1 Kh7 18. Be3 Bb7 19. Nh2 Qd7 20. Rf1 Rac8 21. f4 exf4 22. Bxf4 {1-0 (43) Mrvova,A (2160)-Kisonova,K (1902) Prievidza 1998}) 16... Bg7 17. Qc1 Kh7 18. Rd1 Qc7 19. Ne1 Be6 20. Qc2 Nd7 21. f3 d5 22. Ne2 Rec8 23. Rdc1 Qb7 24. Qd1 (24. exd5 $15 Qxd5 25. c4) 24... f5 (24... b4 $17) 25. Qc2 ({Better is} 25. exf5 $15 Bxf5 26. Ng3) 25... g5 ({Black should play} 25... f4 $17 26. exd5 Qxd5) 26. Bf2 (26. exf5 $15 Bxf5 27. Ng3) 26... fxe4 (26... dxe4 $1 $17 27. dxe4 f4) 27. fxe4 $15 dxe4 28. dxe4 Nf6 29. Ng3 h5 (29... g4 $1 $11) 30. Nf3 $14 h4 $2 (30... Bh6 $1 $14) 31. Nf5 Bh6 32. Nxe5 $2 {[%emt 0:01:09] Pair of Knights!} ({White should try} 32. Nxh6 $18 Kxh6 33. Re1 (33. Nxe5 Qxe4 34. Nf3 Qxc2 $11)) 32... Qxe4 $11 33. Qxe4 (33. Nd6 $5 Qxc2 34. Rxc2 Bxb3 35. Re2 $14) 33... Nxe4 34. Nxh6 Kxh6 35. b4 Nd2 (35... cxb4 $11 {remains equal.} 36. cxb4 Rxc1+ 37. Rxc1 Rc8 38. Rxc8 Bxc8) 36. Re1 ({But not} 36. Bxc5 $6 Nb3 $11) (36. Rd1 $16 Ne4 37. bxc5) 36... cxb4 37. Nd3 Bxh3 38. Rad1 $1 bxc3 39. bxc3 {[%emt 0:00:03][%mdl 64] Remove Defender} Rxc3 40. Ne5 Bxg2 {[%emt 0:01:06] Strongly threatening ...Nf3+.} 41. Kxg2 (41. Rxd2 $16 h3 42. Be3) 41... h3+ 42. Kh2 Nf3+ 43. Nxf3 Rf8 44. Re6+ Kh5 45. Bd4 Rcxf3 {[%emt 0:00:28] Chess con chili.} 46. Bg7 Rf2+ 47. Kg1 Rg2+ 48. Kh1 Rff2 49. Rh6+ Kg4 50. Rd4+ Kf3 51. Rf6+ Kg3 52. Rd3+ Kg4 {[%emt 0:00:18] ( -> ...Rh2+)} 53. Rd4+ Rf4 ({Of course not} 53... Kg3 54. Rd3+ Kg4 55. Rd4+ Rf4 56. Rxa6 $11) 54. Rdxf4+ (54. Rxa6 $11 Rxd4 55. Bxd4) 54... gxf4 $19 {[%emt 0:00:10] Black is clearly winning.} 55. Rxa6 $11 {[%emt 0:00:06][%mdl 4096] Endgame [#] KRB-KR} f3 $1 56. Rg6+ {[%emt 0:00:37] [#]} Kf5 $1 57. Rf6+ Ke4 58. Re6+ Kd5 59. Re5+ Kc4 60. Re4+ Kd3 61. Rd4+ Ke3 62. Bf6 f2 63. Rd1 Ke2 64. Rb1 f1=R+ 65. Rxf1 Kxf1 {[%emt 0:00:13] Black used his chance.  Weighted Error Value: White=0.52/Black=0.28 (precise)} 0-1

[Event "Swiss Championship U16 2022"]
[Site "Biel"]
[Date "2022.07.20"]
[Round "6.6"]
[White "Knapp, Yanik"]
[Black "Saminskij, David"]
[Result "1/2-1/2"]
[ECO "E73"]
[WhiteElo "1675"]
[BlackElo "1469"]
[Annotator "NA RC COMBH"]
[PlyCount "81"]
[EventDate "2022.07.18"]
[EventType "swiss"]
[EventCountry "SUI"]
[SourceTitle "playchess.com"]
[Source "ChessBase"]
[SourceQuality "1"]
[TimeControl "5400+30"]

1. d4 Nf6 2. c4 g6 3. Nc3 Bg7 4. e4 d6 5. Be2 O-O 6. Bg5 h6 7. Be3 e5 8. d5 Bd7 9. Qd2 Kh7 10. f3 c6 11. g4 cxd5 12. cxd5 h5 13. g5 Ng8 14. h4 a5 15. Rc1 f5 16. Bb5 fxe4 17. Bxd7 Nxd7 18. fxe4 b6 19. Nb5 Nc5 20. Bxc5 bxc5 21. Ne2 Qb6 22. a4 Ne7 23. Rf1 Rxf1+ 24. Kxf1 Nc8 25. Kg2 Na7 26. Nec3 Nxb5 27. Nxb5 Rf8 28. Rf1 Qd8 29. Rxf8 Qxf8 30. Qf2 Qxf2+ 31. Kxf2 Bf8 32. Ke3 Kg7 33. Kd3 Be7 34. Kc4 Kf7 35. Kd3 Ke8 36. Na7 Bd8 37. Nc6 c4+ 38. Kd2 Bb6 39. Ke2 Kd7 40. Kf1 Ke8 41. Ke2 1/2-1/2

[Event "Swiss Championship U16 2022"]
[Site "Biel"]
[Date "2022.07.20"]
[Round "6.7"]
[White "Gendre, Arthur"]
[Black "Palmonella, Valentin"]
[Result "0-1"]
[ECO "D55"]
[WhiteElo "1414"]
[BlackElo "1778"]
[Annotator "NA RC COMBH"]
[PlyCount "56"]
[EventDate "2022.07.18"]
[EventType "swiss"]
[EventCountry "SUI"]
[SourceTitle "playchess.com"]
[Source "ChessBase"]
[SourceQuality "1"]
[TimeControl "5400+30"]

1. d4 Nf6 2. c4 e6 3. Nf3 b6 4. Bg5 Be7 5. Nc3 Bb7 6. e3 d5 7. Be2 Nbd7 8. O-O O-O 9. cxd5 Nxd5 10. Bxe7 Qxe7 11. Rc1 c5 12. Bb5 Rfd8 13. Bxd7 Rxd7 14. Ne5 Nxc3 15. Rxc3 Rd5 16. Qa4 Qd6 17. dxc5 Qxe5 18. c6 Bxc6 19. Qxc6 Rad8 20. Rcc1 g6 21. g3 Qxb2 22. Qc4 Rc5 23. Qb3 Qxc1 24. Rxc1 Rxc1+ 25. Kg2 Rd2 26. Qb4 Rcc2 27. Qf4 Rxf2+ 28. Qxf2 Rxf2+ 0-1